 Dungeon Crawl Stone Soup version 0.31-a0-188-g5e087ee2ca (webtiles) character file.

Game seed: 15240826123133312323

89 qw the Shooter (level 4, -4/25 HPs)
             Began as a Deep Elf Hunter on June 23, 2023.
             Slain by a gnoll
             ... wielding a +0 flail
              (9 damage)
             ... on level 2 of the Dungeon.
             The game lasted 00:00:34 (1068 turns).

qw the Shooter (Deep Elf Hunter)                    Turns: 1068, Time: 00:00:34

Health: -4/25      AC:  5    Str: 10    XL:     4   Next: 31%
Magic:  6/6        EV: 11    Int: 14    God:
Gold:   44         SH:  0    Dex: 18    Spells: 3/3 levels left

rFire   . . .        Y - +0 shortbow
rCold   . . .        (shield currently unavailable)
rNeg    . . .        k - +0 ring mail
rPois   .            (no helmet)
rElec   .            (no cloak)
rCorr   .            (no gloves)
SInv    .            (no boots)
Will    .....        (no amulet)
Stlth   +            (no ring)
HPRegen 0.24/turn    (no ring)
MPRegen 0.10/turn

%: no passive effects
@: about to teleport
A: no striking features
a: no special abilities


You were on level 2 of the Dungeon.
You visited 1 branch of the dungeon, and saw 2 of its levels.

You collected 44 gold pieces.


   Skills:
 - Level 1.5 Fighting
 + Level 7.7 Ranged Weapons
 - Level 2.4 Dodging
 - Level 1.2 Stealth


You had 3 spell levels left.
You didn't know any spells.
Your spell library was empty.

Inventory:

Hand Weapons
 Y - a +0 shortbow (weapon)
Armour
 k - a +0 ring mail (worn)
Scrolls
 a - a scroll of amnesia {unknown}
 c - a scroll of teleportation
 d - a scroll of revelation {unknown}
Potions
 b - a potion of enlightenment {unknown}
 e - a potion of might {unknown}
 f - a potion of degeneration {unknown}
 g - 2 potions of haste
 h - a potion of magic {unknown}
 i - a potion of lignification {unknown}
 j - a potion of attraction {unknown}

Dungeon Overview and Level Annotations

Branches:
Dungeon (2/15)

Altars:
Ru


Message History

Enter note:
Enter note:
Enter note: You shoot an arrow.
The gnoll shouts!
The arrow hits the gnoll!
The gnoll is severely wounded.
A gnoll comes into view. It is wielding a +0 club.
You shoot an arrow. The gnoll shouts!
The arrow hits the gnoll.
The gnoll is severely wounded.
A gnoll comes into view. It is wielding a +0 flail.
You shoot an arrow. The arrow barely misses the gnoll.
The gnoll shouts!
You shoot an arrow. The arrow hits the gnoll!
You kill the gnoll!
You shoot an arrow. The arrow hits the gnoll!
The gnoll is severely wounded.
You shoot an arrow. The arrow hits the gnoll.
The gnoll is severely wounded.
You shoot an arrow. The arrow barely misses the gnoll.
The arrow hits the gnoll but does no damage.
The gnoll hits you but does no damage.
You shoot an arrow. The arrow closely misses the gnoll.
The gnoll hits you with a +0 club. The gnoll hits you with a +0 flail!
You shoot an arrow. The arrow hits the gnoll!
You kill the gnoll!
The gnoll completely misses you.
You shoot an arrow.
The arrow hits the gnoll but does no damage.
The gnoll closely misses you. The gnoll hits you with a +0 flail.
You shoot an arrow. The arrow hits the gnoll!
The gnoll is heavily wounded.
The gnoll hits you with a +0 flail.
1068 ||| READING 2 scrolls of teleportation.
As you read the scroll of teleportation, it crumbles to dust.
You feel strangely unstable. The gnoll hits you with a +0 flail!
You die...

..###.#.....%....#
####.### ###
#.#............# .# #
###..............#
#..........#%.....
##########.......# #####
####...##
....########### .....
..............#####.....
#####...........@)..)...
#############g......
.#..... .. #### ..# .##
##


You could see a gnoll.

Vanquished Creatures
  2 gnolls (D:2)
  2 adders (D:2)
  2 worms (D:2)
  A dart slug (D:1)
  2 endoplasms
  2 giant cockroaches (D:2)
  4 goblins
  8 hobgoblins
  2 kobolds (D:2)
  3 quokkas (D:1)
  3 ball pythons (D:1)
  5 bats
  3 frilled lizards (D:1)
  6 rats
45 creatures vanquished.

Notes
Turn   | Place    | Note
-------+----------+-------------------------------------------
     0 | D:1      | qw the Deep Elf Hunter began the quest for the Orb.
     0 | D:1      | Reached XP level 1. HP: 12/12 MP: 3/3
     0 | D:1      | 0 ||| qw: Version: 0.3-a-9-g12657ce
     0 | D:1      | 0 ||| qw: Game counter: 4293
     0 | D:1      | 0 ||| qw: Always use a shield: true
     0 | D:1      | 0 ||| qw: God list: Okawaru
     0 | D:1      | 0 ||| qw: Allow faded altars: false
     0 | D:1      | 0 ||| qw: Do Orc after D:15 true
     0 | D:1      | 0 ||| qw: Do second Lair branch before Depths: true
     0 | D:1      | 0 ||| qw: Lair rune preference: random
     0 | D:1      | 0 ||| qw: Plans: Normal
     0 | D:1      | 0 ||| PLANNING D:1-11
    50 | D:1      | 50 ||| FLEEEEING.
    51 | D:1      | 51 ||| FLEEEEING.
   254 | D:1      | Reached skill level 6 in Ranged Weapons
   254 | D:1      | Reached XP level 2. HP: 16/16 MP: 4/4
   667 | D:1      | 667 ||| DROPPING scarf of shadows.
   668 | D:1      | 668 ||| UPGRADING to +0 scale mail.
   678 | D:1      | 678 ||| DROPPING +0 leather armour.
   679 | D:1      | 679 ||| UPGRADING to +0 ring mail.
   689 | D:1      | 689 ||| DROPPING +0 scale mail.
   690 | D:1      | 690 ||| READING scroll labelled PEOKHL YCLUAC.
   694 | D:1      | 694 ||| READING scroll labelled USAUMA ISAVAYFU.
   695 | D:1      | 695 ||| DRINKING 3 fizzy clear potions.
   696 | D:1      | 696 ||| DROPPING scroll of butterflies.
   745 | D:2      | Reached XP level 3. HP: 20/20 MP: 5/5
   767 | D:2      | Found a sacrificial altar of Ru.
   796 | D:2      | Reached skill level 7 in Ranged Weapons
   920 | D:2      | Reached XP level 4. HP: 18/25 MP: 6/6
  1067 | D:2      | HP: 5/25 [gnoll/+0 flail (3)]
  1068 | D:2      | 1068 ||| READING 2 scrolls of teleportation.
  1068 | D:2      | Slain by a gnoll

Levels and vault maps discovered:
D:1:      minmay_arrival_plants_in_alcoves, layout_loops_ring, minmay_cut_off
D:2:      layout_rooms, basic_altar, minmay_cupped

Skill      XL: |  1  2  3 |
---------------+----------+-----
Ranged Weapons | 6 7 |  7.7
Fighting       | |  1.5
Dodging        | |  2.4
Stealth        | |  1.2

Action                     |  1- 3 |  4- 6 || total
---------------------------+-------+-------++-------
   Fire: Shortbow          |   126 |    17 ||   143
    Use: Scroll            |     2 |     1 ||     3
         Potion            |     1 |       ||     1
 Armour: Leather armour    |     3 |       ||     3
         Ring mail         |     7 |     1 ||     8
  Dodge: Dodged            |    28 |     4 ||    32

Table legend:
 A = Non-vault XP
 B = Vault XP
 C = Vault XP percentage of total XP
 D = Non-vault monster count
 E = Vault monster count
 F = Vault count percentage of total count
                 A         B        C        D         E       F
            +---------+---------+-------+---------+---------+-------
      Total |     119 |       9 |   7.0 |      39 |       6 |  13.3
            +---------+---------+-------+---------+---------+-------
        D:1 |      26 |       4 |  13.3 |      16 |       3 |  15.8
        D:2 |      93 |       5 |   5.1 |      23 |       3 |  11.5
            +---------+---------+-------+---------+---------+-------
